Bruins vs Senateurs
Created - February 10, 2025 at 20:32
Goals
|
| Bruins |
1 |
2 |
0 |
3 |
| Senateurs |
2 |
3 |
1 |
6 |
|
Shots
|
| Bruins |
9 |
9 |
7 |
25 |
| Senateurs |
7 |
15 |
9 |
31 |
|
1st period
1. Senateurs , Zachary Sanford 9 (Richard Panik 9, Alex Iafallo 23) at 9:49
2. Senateurs , Nick Bjugstad 15 (Alex Iafallo 24) at 10:03
3. Bruins , Jonathan Toews 12 (Gabriel Landeskog 21, Zack Kassian 33) at 17:23 (PP)
Penalties :
Zachary Sanford (Ott) for Delaying the game (Minor) at 10:36, Alex Iafallo (Ott) for Tripping (Minor) at 16:59, Casey Cizikas (Bos) for Tripping (Minor) at 18:32
2nd period
4. Bruins , Casey Cizikas 10 (Mark Stone 19, Zack Kassian 34) at 1:59
5. Senateurs , Nick Bjugstad 16 (Alex Iafallo 25) at 2:57 (PP)
6. Senateurs , Michael Frolik 16 (Nick Bjugstad 35, Alex Iafallo 26) at 8:19
7. Senateurs , Nick Bjugstad 17 (Alex Iafallo 27, Eric Gelinas 12) at 17:20 (PP)
8. Bruins , Wojtek Wolski 22 (Craig Smith 3, Alexander Wennberg 26) at 19:30
Penalties :
Mattias Ekholm (Bos) for Roughing (Minor) at 2:42, Jordan Martinook (Ott) for Hooking (Minor) at 10:24, Mattias Ekholm (Bos) for Holding (Minor) at 16:30
3rd period
9. Senateurs , Nick Bjugstad 18 (Alex Iafallo 28, Michael Frolik 18) at 18:28 (PP)
Penalties :
Zack Kassian (Bos) for High sticking (Double Minor) at 2:11, Zachary Sanford (Ott) for Slashing (Minor) at 13:18, Wojtek Wolski (Bos) for Tripping (Minor) at 18:12, Jonathan Toews (Bos) for Hooking (Minor) at 19:53
Goalie Stats
Kevin Poulin (Bos), 12 saves from 16 shots - (0.750), L, 20-14-8, 28:19 minutes
Tuukka Rask (Bos), 13 saves from 15 shots - (0.867), 31:41 minutes
Martin Jones (Ott), 22 saves from 25 shots - (0.880), W, 11-13-3, 60:00 minutes
Players Stats for Bruins
Player Name G A P +/- PIM S H SB GA TA FO MP PP MP PK MP
------------------------------------------------------------------------------------
Adam Pelech 0 0 0 0 0 0 0 2 0 0 0/0 9:28 0:00 0:00
Alexander Wennberg 0 1 1 -1 0 4 2 0 0 0 6/14 18:30 2:34 1:28
Andreas Athanasiou 0 0 0 0 0 0 1 0 0 0 0/0 5:08 0:00 0:00
Brett Pesce 0 0 0 -1 0 0 0 0 0 0 0/0 3:57 0:00 0:37
Casey Cizikas 1 0 1 1 2 3 1 1 0 0 5/10 15:20 0:00 1:48
Craig Smith 0 1 1 -1 0 1 1 0 0 1 0/0 16:07 2:34 0:00
Eric Wellwood 0 0 0 1 0 3 0 1 0 0 0/0 14:39 0:03 1:46
Gabriel Landeskog 0 1 1 -1 0 2 1 1 0 1 4/10 26:48 3:47 4:30
Jason Demers 0 0 0 -2 0 0 0 1 2 1 0/0 30:17 3:35 4:30
Jonathan Toews 1 0 1 -1 2 3 0 1 0 0 14/28 18:47 3:44 0:33
Josh Manson 0 0 0 1 0 1 3 3 0 1 0/0 19:38 2:46 2:18
Madison Bowey 0 0 0 -1 0 2 2 0 0 0 0/0 26:57 3:35 4:30
Mark Stone 0 1 1 1 0 1 1 2 1 0 0/0 12:29 0:03 0:00
Mattias Ekholm 0 0 0 0 4 1 1 1 0 1 0/0 10:03 0:00 0:37
Torey Krug 0 0 0 1 0 1 1 0 0 0 0/0 19:38 2:46 2:18
Wojtek Wolski 1 0 1 -1 2 1 2 1 0 0 0/0 17:46 2:34 1:40
Zack Kassian 0 2 2 -1 4 1 2 0 1 0 2/3 22:27 3:44 2:33
Zemgus Girgensons 0 0 0 0 0 1 0 0 0 0 0/1 4:30 0:00 0:32
Players Stats for Senateurs
Player Name G A P +/- PIM S H SB GA TA FO MP PP MP PK MP
------------------------------------------------------------------------------------
Adam Henrique 0 0 0 0 0 5 0 0 0 0 6/13 18:12 2:31 2:14
Alex Iafallo 0 6 6 2 2 3 4 0 0 0 0/3 23:22 3:47 3:20
Anthony Beauvillier 0 0 0 0 0 0 1 0 0 0 0/0 8:58 1:06 0:00
Anton Lindholm 0 0 0 0 0 0 0 0 0 0 0/0 10:00 0:11 0:00
Brendan Smith 0 0 0 2 0 0 4 2 0 1 0/0 20:56 3:22 2:21
Christoph Bertschy 0 0 0 0 0 0 0 0 1 0 3/5 8:54 0:36 0:01
Dmitry Sinitsyn 0 0 0 0 0 0 1 1 0 0 0/0 10:00 0:11 0:00
Eric Gelinas 0 1 1 2 0 1 2 1 0 0 0/0 20:56 3:22 2:21
Jake Gardiner 0 0 0 -1 0 0 2 1 1 0 0/0 29:04 3:52 4:00
Jared Cowen 0 0 0 -1 0 1 4 0 0 0 0/0 29:04 3:52 4:00
Jordan Martinook 0 0 0 -1 2 5 1 0 1 0 0/0 11:37 1:01 0:37
Michael Frolik 1 1 2 2 0 4 2 1 0 1 1/1 19:05 3:48 0:00
Nick Bjugstad 4 1 5 2 0 5 1 1 0 1 21/39 23:26 3:48 3:48
Quinton Howden 0 0 0 -1 0 1 0 0 0 0 4/4 9:06 0:36 0:00
Richard Panik 0 1 1 0 0 2 0 0 2 1 0/1 18:18 2:31 1:50
Riley Sheahan 0 0 0 -1 0 0 1 0 0 0 0/0 8:10 0:00 0:00
Tim Schaller 0 0 0 0 0 1 1 0 0 0 0/0 6:56 0:00 0:15
Zachary Sanford 1 0 1 0 4 3 4 0 0 0 0/0 17:31 2:31 0:37
3 Stars
1 - Nick Bjugstad (Ott)
2 - Alex Iafallo (Ott)
3 - Michael Frolik (Ott)
Power Play
Bruins - 1 on 4 Attempt(s) - 25.00%
Senateurs - 3 on 7 Attempt(s) - 42.86%
Penalty Kill
Bruins - 4 on 7 Attempt(s) - 57.14%
- Score 0 goal in Penalty Kill
Senateurs - 3 on 4 Attempt(s) - 75.00%
- Score 0 goal in Penalty Kill
Team Stat
Bruins - Hits : 18 - Faceoff Wins : 31 - Blocked Shots : 14 - Penalty Minutes : 14
Senateurs - Hits : 28 - Faceoff Wins : 35 - Blocked Shots : 7 - Penalty Minutes : 8
Official
Referees : Brandon Schrader and Kendrick Nicholson
Linesman : Pierre Racicot and Vaughan Rody
Game Notes
Tuukka Rask enters game at 8:19 of 2nd period
Nick Bjugstad has scored a Hat Trick!
Finance
Level 1 -- Attendance: 5629 (93.82%) -- Ticket Income $562,900
Level 2 -- Attendance: 4737 (94.74%) -- Ticket Income $331,590
Level 3 -- Attendance: 1898 (94.90%) -- Ticket Income $75,920
Level 4 -- Attendance: 3573 (89.33%) -- Ticket Income $107,190
Luxury Box -- Attendance: 910 (91.00%) -- Ticket Income $182,000
Game was played at the Centre Canadian Tire.
Total Attendance: 16747 (93.04%)
Total Ticket Income: $1,259,600
Other Income: $188,940
Total Income: $1,448,540
Bruins
5 vs 5 Forward
Center Left Wing Right Wing Time % Phy DF OF
1 Jonathan Toews Gabriel Landeskog Zack Kassian 40 1 2 2
2 Alexander Wennberg Wojtek Wolski Craig Smith 30 1 2 2
3 Casey Cizikas Eric Wellwood Mark Stone 20 1 2 2
4 Gabriel Landeskog Zemgus Girgensons Andreas Athanasiou 10 1 2 2
5 vs 5 Defense
Defense Defense Time % Phy DF OF
1 Jason Demers Madison Bowey 40 1 2 2
2 Torey Krug Josh Manson 30 1 2 2
3 Adam Pelech Mattias Ekholm 20 1 2 2
4 Brett Pesce Jason Demers 10 1 2 2
PowerPlay Forward
Center Left Wing Right Wing Time % Phy DF OF
1 Jonathan Toews Gabriel Landeskog Zack Kassian 60 1 2 2
2 Alexander Wennberg Wojtek Wolski Craig Smith 40 1 2 2
PowerPlay Defense
Defense Defense Time % Phy DF OF
1 Jason Demers Madison Bowey 60 1 2 2
2 Torey Krug Josh Manson 40 1 2 2
Penalty Kill 4 Players Forward
Center Wing Time % Phy DF OF
1 Gabriel Landeskog Zack Kassian 60 1 2 2
2 Jonathan Toews Wojtek Wolski 40 1 2 2
Penalty Kill 4 Players Defense
Defense Defense Time % Phy DF OF
1 Jason Demers Madison Bowey 60 1 2 2
2 Torey Krug Josh Manson 40 1 2 2
Penalty Kill - 3 Players Forward
Forward Time % Phy DF OF
1 Gabriel Landeskog 60 1 2 2
2 Zack Kassian 40 1 2 2
Penalty Kill - 3 Players Defense
Defense Defense Time % Phy DF OF
1 Jason Demers Madison Bowey 60 1 2 2
2 Torey Krug Josh Manson 40 1 2 2
4 vs 4 Forward
Center Wing Time % Phy DF OF
1 Gabriel Landeskog Zack Kassian 60 1 2 2
2 Jonathan Toews Wojtek Wolski 40 1 2 2
4 vs 4 Defense
Defense Defense Time % Phy DF OF
1 Jason Demers Madison Bowey 60 1 2 2
2 Torey Krug Josh Manson 40 1 2 2
Last Minutes Offensive
Center Left Wing Right Wing Defense Defense
Jonathan Toews Gabriel Landeskog Zack Kassian Jason Demers Madison Bowey
Last Minutes Defensive
Center Left Wing Right Wing Defense Defense
Jonathan Toews Gabriel Landeskog Zack Kassian Jason Demers Madison Bowey
Goaltenders
Starting : Kevin Poulin
Backup : Tuukka Rask
Extra Forwards
Normal : Eric Wellwood, Mark Stone, Casey Cizikas - PP : Eric Wellwood, Mark Stone - PK : Casey Cizikas
Extra Defensemen
Normal : Adam Pelech, Mattias Ekholm, Brett Pesce - PP : Adam Pelech - PK : Mattias Ekholm, Brett Pesce
Penalty Shots
Gabriel Landeskog, Zack Kassian, Jonathan Toews, Wojtek Wolski, Alexander Wennberg
Custom OT Lines Forwards
Gabriel Landeskog, Zack Kassian, Jonathan Toews, Wojtek Wolski, Alexander Wennberg, Craig Smith, Eric Wellwood, Mark Stone, Casey Cizikas, Andreas Athanasiou
Custom OT Lines Defensemen
Jason Demers, Madison Bowey, Torey Krug, Josh Manson, Adam Pelech
Scratches
John Quenneville (Healthy), Walker Duehr (Healthy)
Senateurs
5 vs 5 Forward
Center Left Wing Right Wing Time % Phy DF OF
1 Nick Bjugstad Alex Iafallo Michael Frolik 40 1 2 2
2 Adam Henrique Zachary Sanford Richard Panik 30 1 2 2
3 Quinton Howden Jordan Martinook Riley Sheahan 20 1 2 2
4 Christoph Bertschy Tim Schaller Anthony Beauvillier 10 1 2 2
5 vs 5 Defense
Defense Defense Time % Phy DF OF
1 Jake Gardiner Jared Cowen 40 1 2 2
2 Eric Gelinas Brendan Smith 30 1 2 2
3 Anton Lindholm Dmitry Sinitsyn 20 1 2 2
4 Jake Gardiner Jared Cowen 10 1 2 2
PowerPlay Forward
Center Left Wing Right Wing Time % Phy DF OF
1 Nick Bjugstad Alex Iafallo Michael Frolik 60 0 1 4
2 Adam Henrique Zachary Sanford Richard Panik 40 0 1 4
PowerPlay Defense
Defense Defense Time % Phy DF OF
1 Jake Gardiner Jared Cowen 60 0 1 4
2 Eric Gelinas Brendan Smith 40 0 1 4
Penalty Kill 4 Players Forward
Center Wing Time % Phy DF OF
1 Nick Bjugstad Alex Iafallo 60 1 2 2
2 Adam Henrique Zachary Sanford 40 1 2 2
Penalty Kill 4 Players Defense
Defense Defense Time % Phy DF OF
1 Jake Gardiner Jared Cowen 60 1 2 2
2 Eric Gelinas Brendan Smith 40 1 2 2
Penalty Kill - 3 Players Forward
Forward Time % Phy DF OF
1 Nick Bjugstad 60 1 2 2
2 Quinton Howden 40 1 2 2
Penalty Kill - 3 Players Defense
Defense Defense Time % Phy DF OF
1 Jake Gardiner Jared Cowen 60 1 2 2
2 Eric Gelinas Brendan Smith 40 1 2 2
4 vs 4 Forward
Center Wing Time % Phy DF OF
1 Nick Bjugstad Alex Iafallo 60 1 2 2
2 Adam Henrique Zachary Sanford 40 1 2 2
4 vs 4 Defense
Defense Defense Time % Phy DF OF
1 Jake Gardiner Jared Cowen 60 1 2 2
2 Eric Gelinas Brendan Smith 40 1 2 2
Last Minutes Offensive
Center Left Wing Right Wing Defense Defense
Adam Henrique Alex Iafallo Michael Frolik Jake Gardiner Jared Cowen
Last Minutes Defensive
Center Left Wing Right Wing Defense Defense
Adam Henrique Alex Iafallo Michael Frolik Jake Gardiner Jared Cowen
Goaltenders
Starting : Martin Jones
Backup : Mikko Koskinen
Extra Forwards
Normal : Richard Panik, Quinton Howden, Zachary Sanford - PP : Richard Panik, Quinton Howden - PK : Richard Panik
Extra Defensemen
Normal : Brendan Smith, Anton Lindholm, Dmitry Sinitsyn - PP : Brendan Smith - PK : Brendan Smith, Anton Lindholm
Penalty Shots
Adam Henrique, Nick Bjugstad, Michael Frolik, Alex Iafallo, Richard Panik
Custom OT Lines Forwards
Adam Henrique, Nick Bjugstad, Michael Frolik, Alex Iafallo, Richard Panik, Quinton Howden, Zachary Sanford, Riley Sheahan, Jordan Martinook, Tim Schaller
Custom OT Lines Defensemen
Jake Gardiner, Jared Cowen, Eric Gelinas, Brendan Smith, Anton Lindholm
Scratches
Dennis Everberg (Healthy), Jordan Schmaltz (Healthy), Rostislav Olesz (Healthy), Thomas McCollum (Healthy)
% Time on Ice - Bruins
Lines # - Real PCT - Wanted PCT - Time Play
Normal Forward
1 - 35% - 40% - 16:15
2 - 32% - 30% - 14:46
3 - 24% - 20% - 11:15
4 - 9% - 10% - 3:58
Normal Defense
1 - 41% - 40% - 18:52
2 - 32% - 30% - 14:34
3 - 20% - 20% - 9:28
4 - 7% - 10% - 3:20
PP Forward
1 - 60% - 60% - 3:47
2 - 40% - 40% - 2:34
PP Defense
1 - 56% - 60% - 3:35
2 - 44% - 40% - 2:46
PK Forward
1 - 93% - 60% - 6:52
2 - 7% - 40% - 0:33
PK Defense
1 - 69% - 60% - 5:07
2 - 31% - 40% - 2:18
PK3 Forward
1 - 0% - 60%
2 - 0% - 40%
PK3 Defense
1 - 0% - 60%
2 - 0% - 40%
44 Forward
1 - 0% - 60%
2 - 0% - 40%
44 Defense
1 - 0% - 60%
2 - 0% - 40%
Last Minute Offensive - 0:00
Last Minute Defensive - 0:00
Total
Forward - 60:00
Defense - 60:00
|
% Time on Ice - Senateurs
Lines # - Real PCT - Wanted PCT - Time Play
Normal Forward
1 - 38% - 40% - 17:21
2 - 31% - 30% - 14:12
3 - 18% - 20% - 8:10
4 - 14% - 10% - 6:31
Normal Defense
1 - 40% - 40% - 18:31
2 - 33% - 30% - 15:13
3 - 21% - 20% - 9:49
4 - 6% - 10% - 2:41
PP Forward
1 - 64% - 60% - 4:46
2 - 36% - 40% - 2:39
PP Defense
1 - 55% - 60% - 4:03
2 - 45% - 40% - 3:22
PK Forward
1 - 72% - 60% - 4:34
2 - 28% - 40% - 1:47
PK Defense
1 - 63% - 60% - 4:00
2 - 37% - 40% - 2:21
PK3 Forward
1 - 0% - 60%
2 - 0% - 40%
PK3 Defense
1 - 0% - 60%
2 - 0% - 40%
44 Forward
1 - 0% - 60%
2 - 0% - 40%
44 Defense
1 - 0% - 60%
2 - 0% - 40%
Last Minute Offensive - 0:00
Last Minute Defensive - 0:00
Total
Forward - 60:00
Defense - 60:00
|
Play-by-Play
1st period
0:01 of 1st period - Zack Kassian wins face-off versus Nick Bjugstad in neutral zone.
0:26 of 1st period - Jason Demers is hit by Zachary Sanford and loses puck.
0:31 of 1st period - Snap shot by Adam Henrique.
0:31 of 1st period - Stopped by Kevin Poulin without a rebound.
0:32 of 1st period - Quinton Howden wins face-off versus Casey Cizikas in Bruins zone.
0:59 of 1st period - Brendan Smith is hit by Gabriel Landeskog and loses puck.
2:46 of 1st period - Off-side.
2:47 of 1st period - Adam Henrique wins face-off versus Alexander Wennberg in neutral zone.
4:26 of 1st period - Eric Wellwood is hit by Jared Cowen.
4:48 of 1st period - Jared Cowen is hit by Madison Bowey and loses puck.
6:13 of 1st period - Snap shot by Alex Iafallo.
6:13 of 1st period - Shot Misses the Net.
6:24 of 1st period - Mark Stone is hit by Jordan Martinook and loses puck.
7:15 of 1st period - Gabriel Landeskog is hit by Alex Iafallo and loses puck.
7:40 of 1st period - Mark Stone is hit by Brendan Smith and loses puck.
7:47 of 1st period - Snap shot by Casey Cizikas.
7:47 of 1st period - Stopped by Martin Jones without a rebound.
7:48 of 1st period - Alexander Wennberg wins face-off versus Adam Henrique in Senateurs zone.
7:59 of 1st period - Jared Cowen is hit by Wojtek Wolski and loses puck.
8:04 of 1st period - Snap shot by Alexander Wennberg.
8:04 of 1st period - Shot Misses the Net.
8:14 of 1st period - Casey Cizikas is hit by Michael Frolik and loses puck.
9:04 of 1st period - Anthony Beauvillier is hit by Wojtek Wolski and loses puck.
9:19 of 1st period - Snap shot by Mark Stone.
9:19 of 1st period - Stopped by Martin Jones without a rebound.
9:20 of 1st period - Nick Bjugstad wins face-off versus Casey Cizikas in Senateurs zone.
9:49 of 1st period - Snap shot by Zachary Sanford.
9:49 of 1st period - Goal by Zachary Sanford - Bruins : 0 - Senateurs : 1.
9:50 of 1st period - Jonathan Toews wins face-off versus Nick Bjugstad in neutral zone.
9:57 of 1st period - Wrist shot by Nick Bjugstad.
9:57 of 1st period - Shot Misses the Net.
9:59 of 1st period - Slapshot by Eric Gelinas.
9:59 of 1st period - Stopped by Kevin Poulin without a rebound.
10:00 of 1st period - Nick Bjugstad wins face-off versus Gabriel Landeskog in Bruins zone.
10:03 of 1st period - Slapshot by Nick Bjugstad.
10:03 of 1st period - Goal by Nick Bjugstad - Bruins : 0 - Senateurs : 2.
10:04 of 1st period - Jonathan Toews wins face-off versus Alex Iafallo in neutral zone.
10:13 of 1st period - Wrist shot by Gabriel Landeskog.
10:13 of 1st period - Shot Misses the Net.
10:15 of 1st period - Wrist shot by Madison Bowey.
10:15 of 1st period - Shot Misses the Net.
10:36 of 1st period - Minor Penalty to Zachary Sanford for Delaying the game.
10:37 of 1st period - Nick Bjugstad wins face-off versus Jonathan Toews in Senateurs zone.
12:36 of 1st period - Penalty to Zachary Sanford is over, Zachary Sanford is back on ice.
13:08 of 1st period - Snap shot by Zachary Sanford.
13:08 of 1st period - Stopped by Kevin Poulin without a rebound.
13:09 of 1st period - Quinton Howden wins face-off versus Alexander Wennberg in Bruins zone.
13:36 of 1st period - Gabriel Landeskog is hit by Tim Schaller and loses puck.
13:53 of 1st period - Eric Wellwood is hit by Brendan Smith and loses puck.
14:32 of 1st period - Snap shot by Gabriel Landeskog.
14:32 of 1st period - Shot Blocked by Dmitry Sinitsyn.
14:34 of 1st period - Slapshot by Josh Manson.
14:34 of 1st period - Stopped by Martin Jones without a rebound.
14:35 of 1st period - Christoph Bertschy wins face-off versus Gabriel Landeskog in Senateurs zone.
14:35 of 1st period - Christoph Bertschy is hit by Torey Krug.
14:58 of 1st period - Wrist shot by Gabriel Landeskog.
14:58 of 1st period - Stopped by Martin Jones without a rebound.
14:59 of 1st period - Alexander Wennberg wins face-off versus Nick Bjugstad in Senateurs zone.
15:08 of 1st period - Wrist shot by Alexander Wennberg.
15:08 of 1st period - Shot Blocked by Eric Gelinas.
16:20 of 1st period - Wrist shot by Anthony Beauvillier.
16:20 of 1st period - Deflect By Tim Schaller.
16:20 of 1st period - Stopped by Kevin Poulin without a rebound.
16:21 of 1st period - Adam Henrique wins face-off versus Jonathan Toews in Bruins zone.
16:36 of 1st period - Snap shot by Adam Henrique.
16:36 of 1st period - Stopped by Kevin Poulin without a rebound.
16:37 of 1st period - Alexander Wennberg wins face-off versus Nick Bjugstad in Bruins zone.
16:37 of 1st period - Alexander Wennberg is hit by Michael Frolik.
16:59 of 1st period - Minor Penalty to Alex Iafallo for Tripping.
17:00 of 1st period - Jonathan Toews wins face-off versus Richard Panik in Senateurs zone.
17:03 of 1st period - Slapshot by Gabriel Landeskog.
17:03 of 1st period - Stopped by Martin Jones without a rebound.
17:04 of 1st period - Jonathan Toews wins face-off versus Nick Bjugstad in Senateurs zone.
17:15 of 1st period - Snap shot by Jonathan Toews.
17:15 of 1st period - Stopped by Martin Jones without a rebound.
17:16 of 1st period - Jonathan Toews wins face-off versus Nick Bjugstad in Senateurs zone.
17:23 of 1st period - Snap shot by Jonathan Toews.
17:23 of 1st period - Goal by Jonathan Toews - Bruins : 1 - Senateurs : 2.
17:24 of 1st period - Jonathan Toews wins face-off versus Nick Bjugstad in neutral zone.
17:57 of 1st period - Slapshot by Alexander Wennberg.
17:57 of 1st period - Stopped by Martin Jones with a rebound.
18:10 of 1st period - Off-side.
18:11 of 1st period - Casey Cizikas wins face-off versus Christoph Bertschy in neutral zone.
18:14 of 1st period - Slapshot by Eric Wellwood.
18:14 of 1st period - Shot Blocked by Brendan Smith.
18:32 of 1st period - Minor Penalty to Casey Cizikas for Tripping.
18:33 of 1st period - Gabriel Landeskog wins face-off versus Nick Bjugstad in Bruins zone.
18:33 of 1st period - Gabriel Landeskog is hit by Alex Iafallo.
18:45 of 1st period - Backhand shot by Zack Kassian.
18:45 of 1st period - Shot Misses the Net.
18:47 of 1st period - Snap shot by Gabriel Landeskog.
18:47 of 1st period - Shot Misses the Net.
18:49 of 1st period - Slapshot by Zack Kassian.
18:49 of 1st period - Stopped by Martin Jones with a rebound.
18:59 of 1st period - Jason Demers is hit by Zachary Sanford and loses puck.
Goals for this period are 1 for Bruins vs 2 for Senateurs.
Shots for this period are 9 for Bruins vs 7 for Senateurs.
2nd period
0:01 of 2nd period - Nick Bjugstad wins face-off versus Gabriel Landeskog in neutral zone.
0:10 of 2nd period - Snap shot by Michael Frolik.
0:10 of 2nd period - Stopped by Kevin Poulin without a rebound.
0:11 of 2nd period - Gabriel Landeskog wins face-off versus Nick Bjugstad in Bruins zone.
0:32 of 2nd period - Penalty to Casey Cizikas is over, Casey Cizikas is back on ice.
1:00 of 2nd period - Wrist shot by Jordan Martinook.
1:00 of 2nd period - Shot Misses the Net.
1:02 of 2nd period - Slapshot by Quinton Howden.
1:02 of 2nd period - Stopped by Kevin Poulin without a rebound.
1:03 of 2nd period - Nick Bjugstad wins face-off versus Alexander Wennberg in Bruins zone.
1:04 of 2nd period - Wrist shot by Alex Iafallo.
1:04 of 2nd period - Stopped by Kevin Poulin without a rebound.
1:05 of 2nd period - Nick Bjugstad wins face-off versus Alexander Wennberg in Bruins zone.
1:14 of 2nd period - Slapshot by Alex Iafallo.
1:14 of 2nd period - Shot Misses the Net.
1:32 of 2nd period - Zachary Sanford is hit by Josh Manson and loses puck.
1:59 of 2nd period - Wrist shot by Casey Cizikas.
1:59 of 2nd period - Goal by Casey Cizikas - Bruins : 2 - Senateurs : 2.
2:00 of 2nd period - Michael Frolik wins face-off versus Jonathan Toews in neutral zone.
2:05 of 2nd period - Jonathan Toews is hit by Alex Iafallo and loses puck.
2:26 of 2nd period - Madison Bowey is hit by Jared Cowen and loses puck.
2:42 of 2nd period - Minor Penalty to Mattias Ekholm for Roughing.
2:43 of 2nd period - Zack Kassian wins face-off versus Nick Bjugstad in Bruins zone.
2:57 of 2nd period - Slapshot by Nick Bjugstad.
2:57 of 2nd period - Goal by Nick Bjugstad - Bruins : 2 - Senateurs : 3.
2:58 of 2nd period - Nick Bjugstad wins face-off versus Jonathan Toews in neutral zone.
3:28 of 2nd period - Off-side.
3:29 of 2nd period - Alexander Wennberg wins face-off versus Adam Henrique in neutral zone.
3:36 of 2nd period - Slapshot by Craig Smith.
3:36 of 2nd period - Shot Blocked by Brendan Smith.
3:38 of 2nd period - Slapshot by Mattias Ekholm.
3:38 of 2nd period - Shot Misses the Net.
3:40 of 2nd period - Slapshot by Mattias Ekholm.
3:40 of 2nd period - Stopped by Martin Jones without a rebound.
3:41 of 2nd period - Nick Bjugstad wins face-off versus Jonathan Toews in Senateurs zone.
4:08 of 2nd period - Jared Cowen is hit by Madison Bowey and loses puck.
4:21 of 2nd period - Snap shot by Nick Bjugstad.
4:21 of 2nd period - Shot Blocked by Mark Stone.
4:23 of 2nd period - Snap shot by Nick Bjugstad.
4:23 of 2nd period - Shot Blocked by Eric Wellwood.
4:25 of 2nd period - Snap shot by Alex Iafallo.
4:25 of 2nd period - Deflect By Michael Frolik.
4:25 of 2nd period - Stopped by Kevin Poulin without a rebound.
4:26 of 2nd period - Jonathan Toews wins face-off versus Adam Henrique in Bruins zone.
5:05 of 2nd period - Snap shot by Jordan Martinook.
5:05 of 2nd period - Stopped by Kevin Poulin without a rebound.
5:06 of 2nd period - Jonathan Toews wins face-off versus Alex Iafallo in Bruins zone.
5:42 of 2nd period - Alexander Wennberg is hit by Dmitry Sinitsyn.
5:46 of 2nd period - Slapshot by Madison Bowey.
5:46 of 2nd period - Stopped by Martin Jones without a rebound.
5:47 of 2nd period - Casey Cizikas wins face-off versus Adam Henrique in Senateurs zone.
6:49 of 2nd period - Wrist shot by Zachary Sanford.
6:49 of 2nd period - Shot Blocked by Mattias Ekholm.
6:51 of 2nd period - Slapshot by Jake Gardiner.
6:51 of 2nd period - Shot Blocked by Adam Pelech.
6:53 of 2nd period - Snap shot by Zachary Sanford.
6:53 of 2nd period - Stopped by Kevin Poulin with a rebound.
6:55 of 2nd period - Slapshot by Jared Cowen.
6:55 of 2nd period - Shot Misses the Net.
6:57 of 2nd period - Wrist shot by Richard Panik.
6:57 of 2nd period - Stopped by Kevin Poulin without a rebound.
6:58 of 2nd period - Nick Bjugstad wins face-off versus Alexander Wennberg in Bruins zone.
7:01 of 2nd period - Snap shot by Nick Bjugstad.
7:01 of 2nd period - Shot Misses the Net.
7:25 of 2nd period - Riley Sheahan is hit by Mark Stone and loses puck.
8:17 of 2nd period - Snap shot by Michael Frolik.
8:17 of 2nd period - Shot Blocked by Wojtek Wolski.
8:19 of 2nd period - Wrist shot by Michael Frolik.
8:19 of 2nd period - Goal by Michael Frolik - Bruins : 2 - Senateurs : 4.
8:19 of 2nd period - Tuukka Rask enters game.
8:20 of 2nd period - Nick Bjugstad wins face-off versus Jonathan Toews in neutral zone.
8:35 of 2nd period - Jason Demers is hit by Nick Bjugstad and loses puck.
9:06 of 2nd period - Off-side.
9:07 of 2nd period - Christoph Bertschy wins face-off versus Casey Cizikas in neutral zone.
9:10 of 2nd period - Slapshot by Jake Gardiner.
9:10 of 2nd period - Shot Blocked by Josh Manson.
9:40 of 2nd period - Snap shot by Adam Henrique.
9:40 of 2nd period - Shot Blocked by Jonathan Toews.
9:42 of 2nd period - Backhand shot by Richard Panik.
9:42 of 2nd period - Deflect By Zachary Sanford.
9:42 of 2nd period - Shot Blocked by Gabriel Landeskog.
9:42 of 2nd period - Puck is out of play.
9:43 of 2nd period - Adam Henrique wins face-off versus Jonathan Toews in Bruins zone.
9:44 of 2nd period - Wrist shot by Zachary Sanford.
9:44 of 2nd period - Shot Blocked by Jason Demers.
9:55 of 2nd period - Madison Bowey is hit by Eric Gelinas.
9:59 of 2nd period - Snap shot by Jonathan Toews.
9:59 of 2nd period - Stopped by Martin Jones without a rebound.
10:00 of 2nd period - Nick Bjugstad wins face-off versus Alexander Wennberg in Senateurs zone.
10:00 of 2nd period - Nick Bjugstad is hit by Craig Smith.
10:10 of 2nd period - Wojtek Wolski is hit by Jake Gardiner and loses puck.
10:24 of 2nd period - Minor Penalty to Jordan Martinook for Hooking.
10:25 of 2nd period - Nick Bjugstad wins face-off versus Jonathan Toews in Senateurs zone.
10:41 of 2nd period - Snap shot by Jonathan Toews.
10:41 of 2nd period - Shot Misses the Net.
10:56 of 2nd period - Off-side.
10:57 of 2nd period - Adam Henrique wins face-off versus Alexander Wennberg in neutral zone.
11:29 of 2nd period - Slapshot by Zack Kassian.
11:29 of 2nd period - Shot Blocked by Nick Bjugstad.
11:45 of 2nd period - Alexander Wennberg is hit by Jared Cowen and loses puck.
12:18 of 2nd period - Josh Manson is hit by Brendan Smith and loses puck.
12:24 of 2nd period - Penalty to Jordan Martinook is over, Jordan Martinook is back on ice.
12:25 of 2nd period - Snap shot by Jordan Martinook.
12:25 of 2nd period - Shot Misses the Net.
12:27 of 2nd period - Wrist shot by Tim Schaller.
12:27 of 2nd period - Shot Blocked by Josh Manson.
12:29 of 2nd period - Snap shot by Jordan Martinook.
12:29 of 2nd period - Shot Misses the Net.
12:31 of 2nd period - Snap shot by Jared Cowen.
12:31 of 2nd period - Stopped by Tuukka Rask with a rebound.
12:33 of 2nd period - Wrist shot by Jordan Martinook.
12:33 of 2nd period - Stopped by Tuukka Rask without a rebound.
12:34 of 2nd period - Quinton Howden wins face-off versus Casey Cizikas in Bruins zone.
12:48 of 2nd period - Icing by Madison Bowey.
12:49 of 2nd period - Casey Cizikas wins face-off versus Nick Bjugstad in Bruins zone.
12:56 of 2nd period - Snap shot by Mark Stone.
12:56 of 2nd period - Shot Misses the Net.
13:04 of 2nd period - Wrist shot by Eric Wellwood.
13:04 of 2nd period - Stopped by Martin Jones without a rebound.
13:05 of 2nd period - Jonathan Toews wins face-off versus Adam Henrique in Senateurs zone.
13:54 of 2nd period - Casey Cizikas is hit by Riley Sheahan and loses puck.
14:33 of 2nd period - Snap shot by Nick Bjugstad.
14:33 of 2nd period - Stopped by Tuukka Rask without a rebound.
14:34 of 2nd period - Nick Bjugstad wins face-off versus Alexander Wennberg in Bruins zone.
14:41 of 2nd period - Wrist shot by Alexander Wennberg.
14:41 of 2nd period - Stopped by Martin Jones with a rebound.
14:43 of 2nd period - Slapshot by Adam Pelech.
14:43 of 2nd period - Shot Misses the Net.
14:45 of 2nd period - Wrist shot by Alexander Wennberg.
14:45 of 2nd period - Stopped by Martin Jones without a rebound.
14:46 of 2nd period - Nick Bjugstad wins face-off versus Jonathan Toews in Senateurs zone.
15:12 of 2nd period - Jared Cowen is hit by Josh Manson.
15:16 of 2nd period - Slapshot by Richard Panik.
15:16 of 2nd period - Shot Misses the Net.
15:18 of 2nd period - Wrist shot by Richard Panik.
15:18 of 2nd period - Deflect By Adam Henrique.
15:18 of 2nd period - Stopped by Tuukka Rask without a rebound.
15:19 of 2nd period - Casey Cizikas wins face-off versus Adam Henrique in Bruins zone.
15:19 of 2nd period - Casey Cizikas is hit by Zachary Sanford.
15:29 of 2nd period - Snap shot by Adam Henrique.
15:29 of 2nd period - Deflect By Richard Panik.
15:29 of 2nd period - Shot Blocked by Mark Stone.
15:29 of 2nd period - Puck is out of play.
15:30 of 2nd period - Nick Bjugstad wins face-off versus Jonathan Toews in Bruins zone.
15:31 of 2nd period - Snap shot by Alex Iafallo.
15:31 of 2nd period - Stopped by Tuukka Rask without a rebound.
15:32 of 2nd period - Jonathan Toews wins face-off versus Nick Bjugstad in Bruins zone.
15:32 of 2nd period - Jonathan Toews is hit by Alex Iafallo.
15:45 of 2nd period - Madison Bowey is hit by Jared Cowen and loses puck.
16:02 of 2nd period - Wrist shot by Alexander Wennberg.
16:02 of 2nd period - Shot Blocked by Jake Gardiner.
16:30 of 2nd period - Minor Penalty to Mattias Ekholm for Holding.
16:31 of 2nd period - Gabriel Landeskog wins face-off versus Nick Bjugstad in Bruins zone.
17:20 of 2nd period - Snap shot by Nick Bjugstad.
17:20 of 2nd period - Goal by Nick Bjugstad - Bruins : 2 - Senateurs : 5.
17:21 of 2nd period - Nick Bjugstad wins face-off versus Jonathan Toews in neutral zone.
17:50 of 2nd period - Slapshot by Casey Cizikas.
17:50 of 2nd period - Shot Misses the Net.
17:52 of 2nd period - Slapshot by Torey Krug.
17:52 of 2nd period - Shot Misses the Net.
17:54 of 2nd period - Wrist shot by Casey Cizikas.
17:54 of 2nd period - Shot Blocked by Michael Frolik.
17:56 of 2nd period - Snap shot by Josh Manson.
17:56 of 2nd period - Shot Misses the Net.
18:40 of 2nd period - Jordan Martinook is hit by Zack Kassian and loses puck.
18:45 of 2nd period - Wrist shot by Zack Kassian.
18:45 of 2nd period - Shot Misses the Net.
18:57 of 2nd period - Mark Stone is hit by Eric Gelinas and loses puck.
19:26 of 2nd period - Snap shot by Alexander Wennberg.
19:26 of 2nd period - Stopped by Martin Jones with a rebound.
19:28 of 2nd period - Snap shot by Craig Smith.
19:28 of 2nd period - Shot Misses the Net.
19:30 of 2nd period - Slapshot by Wojtek Wolski.
19:30 of 2nd period - Goal by Wojtek Wolski - Bruins : 3 - Senateurs : 5.
19:31 of 2nd period - Jonathan Toews wins face-off versus Nick Bjugstad in neutral zone.
19:56 of 2nd period - Alexander Wennberg is hit by Zachary Sanford and loses puck.
Goals for this period are 2 for Bruins vs 3 for Senateurs.
Shots for this period are 9 for Bruins vs 15 for Senateurs.
3rd period
0:01 of 3rd period - Nick Bjugstad wins face-off versus Jonathan Toews in neutral zone.
0:29 of 3rd period - Icing by Michael Frolik.
0:30 of 3rd period - Casey Cizikas wins face-off versus Nick Bjugstad in Senateurs zone.
0:45 of 3rd period - Slapshot by Casey Cizikas.
0:45 of 3rd period - Stopped by Martin Jones without a rebound.
0:46 of 3rd period - Jonathan Toews wins face-off versus Adam Henrique in Senateurs zone.
1:37 of 3rd period - Michael Frolik is hit by Casey Cizikas and loses puck.
1:46 of 3rd period - Slapshot by Mark Stone.
1:46 of 3rd period - Deflect By Eric Wellwood.
1:46 of 3rd period - Stopped by Martin Jones with a rebound.
1:48 of 3rd period - Wrist shot by Eric Wellwood.
1:48 of 3rd period - Stopped by Martin Jones without a rebound.
1:49 of 3rd period - Adam Henrique wins face-off versus Jonathan Toews in Senateurs zone.
1:49 of 3rd period - Adam Henrique is hit by Zack Kassian.
2:11 of 3rd period - Double Minor Penalty to Zack Kassian for High sticking.
2:12 of 3rd period - Nick Bjugstad wins face-off versus Gabriel Landeskog in Bruins zone.
2:15 of 3rd period - Snap shot by Michael Frolik.
2:15 of 3rd period - Shot Misses the Net.
4:31 of 3rd period - Casey Cizikas is hit by Brendan Smith and loses puck.
4:36 of 3rd period - Snap shot by Quinton Howden.
4:36 of 3rd period - Shot Misses the Net.
5:43 of 3rd period - Snap shot by Christoph Bertschy.
5:43 of 3rd period - Deflect By Jordan Martinook.
5:43 of 3rd period - Stopped by Tuukka Rask without a rebound.
5:44 of 3rd period - Christoph Bertschy wins face-off versus Gabriel Landeskog in Bruins zone.
5:49 of 3rd period - Snap shot by Jordan Martinook.
5:49 of 3rd period - Stopped by Tuukka Rask without a rebound.
5:50 of 3rd period - Gabriel Landeskog wins face-off versus Christoph Bertschy in Bruins zone.
6:11 of 3rd period - Penalty to Zack Kassian is over, Zack Kassian is back on ice.
6:41 of 3rd period - Snap shot by Anthony Beauvillier.
6:41 of 3rd period - Shot Misses the Net.
7:29 of 3rd period - Slapshot by Jordan Martinook.
7:29 of 3rd period - Stopped by Tuukka Rask with a rebound.
7:31 of 3rd period - Wrist shot by Anthony Beauvillier.
7:31 of 3rd period - Deflect By Jordan Martinook.
7:31 of 3rd period - Shot Misses the Net.
7:31 of 3rd period - Puck is out of play.
7:32 of 3rd period - Alexander Wennberg wins face-off versus Alex Iafallo in Bruins zone.
7:32 of 3rd period - Alexander Wennberg is hit by Jake Gardiner.
7:47 of 3rd period - Alex Iafallo is hit by Josh Manson and loses puck.
8:38 of 3rd period - Snap shot by Zemgus Girgensons.
8:38 of 3rd period - Stopped by Martin Jones without a rebound.
8:39 of 3rd period - Quinton Howden wins face-off versus Zemgus Girgensons in Senateurs zone.
9:03 of 3rd period - Richard Panik is hit by Alexander Wennberg and loses puck.
10:55 of 3rd period - Mark Stone is hit by Anthony Beauvillier and loses puck.
11:01 of 3rd period - Icing by Torey Krug.
11:02 of 3rd period - Adam Henrique wins face-off versus Casey Cizikas in Bruins zone.
11:07 of 3rd period - Snap shot by Adam Henrique.
11:07 of 3rd period - Stopped by Tuukka Rask with a rebound.
11:11 of 3rd period - Slapshot by Adam Henrique.
11:11 of 3rd period - Stopped by Tuukka Rask with a rebound.
11:13 of 3rd period - Slapshot by Dmitry Sinitsyn.
11:13 of 3rd period - Shot Blocked by Casey Cizikas.
11:15 of 3rd period - Wrist shot by Richard Panik.
11:15 of 3rd period - Stopped by Tuukka Rask without a rebound.
11:16 of 3rd period - Alexander Wennberg wins face-off versus Nick Bjugstad in Bruins zone.
12:30 of 3rd period - Wrist shot by Craig Smith.
12:30 of 3rd period - Stopped by Martin Jones with a rebound.
13:18 of 3rd period - Minor Penalty to Zachary Sanford for Slashing.
13:19 of 3rd period - Jonathan Toews wins face-off versus Nick Bjugstad in Senateurs zone.
13:24 of 3rd period - Wrist shot by Gabriel Landeskog.
13:24 of 3rd period - Shot Misses the Net.
13:34 of 3rd period - Slapshot by Torey Krug.
13:34 of 3rd period - Stopped by Martin Jones with a rebound.
13:50 of 3rd period - Wrist shot by Wojtek Wolski.
13:50 of 3rd period - Shot Misses the Net.
15:18 of 3rd period - Penalty to Zachary Sanford is over, Zachary Sanford is back on ice.
16:10 of 3rd period - Richard Panik is hit by Alexander Wennberg and loses puck.
17:12 of 3rd period - Eric Gelinas is hit by Mattias Ekholm and loses puck.
17:59 of 3rd period - Anton Lindholm is hit by Andreas Athanasiou and loses puck.
18:10 of 3rd period - Snap shot by Anthony Beauvillier.
18:10 of 3rd period - Shot Blocked by Adam Pelech.
18:12 of 3rd period - Minor Penalty to Wojtek Wolski for Tripping.
18:13 of 3rd period - Nick Bjugstad wins face-off versus Zack Kassian in Bruins zone.
18:18 of 3rd period - Wrist shot by Michael Frolik.
18:18 of 3rd period - Stopped by Tuukka Rask with a rebound.
18:28 of 3rd period - Snap shot by Alex Iafallo.
18:28 of 3rd period - Deflect By Nick Bjugstad.
18:28 of 3rd period - Goal by Nick Bjugstad - Bruins : 3 - Senateurs : 6.
18:29 of 3rd period - Nick Bjugstad wins face-off versus Jonathan Toews in neutral zone.
18:36 of 3rd period - Backhand shot by Alex Iafallo.
18:36 of 3rd period - Shot Misses the Net.
19:10 of 3rd period - Slapshot by Richard Panik.
19:10 of 3rd period - Shot Misses the Net.
19:28 of 3rd period - Snap shot by Casey Cizikas.
19:28 of 3rd period - Shot Misses the Net.
19:30 of 3rd period - Slapshot by Madison Bowey.
19:30 of 3rd period - Stopped by Martin Jones without a rebound.
19:31 of 3rd period - Jonathan Toews wins face-off versus Nick Bjugstad in Senateurs zone.
19:41 of 3rd period - Slapshot by Alex Iafallo.
19:41 of 3rd period - Stopped by Tuukka Rask with a rebound.
19:43 of 3rd period - Slapshot by Brendan Smith.
19:43 of 3rd period - Shot Blocked by Josh Manson.
19:53 of 3rd period - Minor Penalty to Jonathan Toews for Hooking.
19:54 of 3rd period - Nick Bjugstad wins face-off versus Gabriel Landeskog in Bruins zone.
Goals for this period are 0 for Bruins vs 1 for Senateurs.
Shots for this period are 7 for Bruins vs 9 for Senateurs.